 Dungeon Crawl Stone Soup version 0.27.1-34-g3ba077fa99 (webtiles) character file.

Game seed: 11647987750873608638

1074 Violens the Chopper (level 8, 0/69 HPs)
             Began as a Minotaur Fighter on Jan 20, 2022.
             Was a Follower of Qazlal.
             Succumbed to a gnoll's poison
             ... on level 5 of the Dungeon.
             The game lasted 00:20:09 (3610 turns).

Violens the Chopper (Minotaur Fighter)              Turns: 3610, Time: 00:20:10

Health: 0/69       AC:  8    Str: 21    XL:     8   Next: 7%
Magic:  7/7        EV:  8    Int:  5    God:    Qazlal [*.....]
Gold:   221        SH: 12    Dex: 12    Spells: 7/7 levels left

rFire    . . .     SeeInvis .   a - +0 war axe
rCold    . . .     Faith    .   c - +0 kite shield
rNeg     . . .     Spirit   .   d - +0 scale mail
rPois    .         Reflect  .   (helmet restricted)
rElec    .         Harm     .   (no cloak)
rCorr    .         Rampage  .   e - +0 pair of gloves
Will     .....                  (no boots)
Stlth    ..........             f - amulet of regeneration
HPRegen  1.21/turn              (no ring)
MPRegen  0.10/turn              (no ring)

@: mighty, lethally poisoned (0 -> -2)
A: horns 2, retaliatory headbutt
a: Renounce Religion


You were on level 5 of the Dungeon.
You worshipped Qazlal.
Qazlal was aware of your devotion.
You visited 1 branch of the dungeon, and saw 5 of its levels.

You collected 221 gold pieces.

Inventory:

Hand Weapons
 a - a +0 war axe (weapon)
 b - a +2 dagger of draining
 l - a +1 vampiric short sword
 n - a +2 short sword of speed
 v - a +0 dagger of chaos
 w - a +0 club of chaos
 x - a +0 club of chaos
Missiles
 p - 25 poisoned darts (quivered)
Armour
 c - a +0 kite shield (worn)
 d - a +0 scale mail (worn)
 e - a +0 pair of gloves (worn)
Jewellery
 f - an amulet of regeneration (around neck)
 g - an amulet of faith
Wands
 s - a wand of mindburst (35)
Scrolls
 m - 3 scrolls of amnesia
 r - a scroll of teleportation {unknown}
 t - a scroll of enchant weapon {unknown}
 u - a scroll of fear {unknown}
Potions
 h - a potion of curing
 i - a potion of mutation {unknown}
 j - a potion of berserk rage {unknown}
 k - a potion of flight {unknown}
 o - a potion of cancellation {unknown}
 q - a potion of might


   Skills:
 + Level 5.6 Fighting
 + Level 1.3 Short Blades
 + Level 7.3 Axes
 + Level 6.2 Armour
 + Level 2.0 Dodging
 + Level 0.4 Stealth
 + Level 6.1 Shields


You had 7 spell levels left.
You didn't know any spells.
Your spell library contained the following spells:

 Spells                   Type           Power      Damage    Failure   Level
 Apportation              Tloc           0%         N/A       99%         1
 Magic Dart               Conj           0%         1d3       99%         1
 Pain                     Necr           0%         1d4       99%         1
 Sandblast                Erth           0%         2d4       99%         1
 Call Imp                 Summ           0%         N/A       99%         2
 Inner Flame              Hex/Fire       0%         N/A       100%        3
 Mephitic Cloud           Conj/Pois/Air  0%         N/A       100%        3
 Cause Fear               Hex            0%         N/A       100%        4
 Discord                  Hex            0%         N/A       100%        8


Dungeon Overview and Level Annotations

Branches:
Dungeon (5/15)             Temple (0/1) D:5

Altars:
Ashenzari
Makhleb
Qazlal
Ru
Xom
Zin

Shops:
D:3 (   D:5 :


Innate Abilities, Weirdness & Mutations

You have a pair of horns on your head.
You reflexively headbutt those who attack you in melee.


Message History

You slash the gnoll sergeant!
You kill the gnoll sergeant!
Qazlal accepts your kill.
The gnoll hits you from afar with a +0 spear.
* * * LOW HITPOINT WARNING * * *
You block the gnoll's attack.
Your Dodging skill increases to level 2!
The gnoll completely misses you. You block the gnoll's attack.
Things that are here:
a +0 spear; a +0 scale mail; a +0 kite shield You closely miss the gnoll.
Your headbutt misses the gnoll.
Your scale mail prevents you from hitting the gnoll.
You block the gnoll's attack. The gnoll hits you but does no damage.
You are poisoned.
The gnoll hits you with a +0 spear.
* * * LOW HITPOINT WARNING * * *
The gnoll hits you but does no damage.
You feel very sick. You block the gnoll's attack. The gnoll barely misses you.
Things that are here:
a +0 whip; a gnoll corpse Unknown command.
You feel sick.
You feel sick.
You feel sick. The gnoll hits you but does no damage.
The gnoll hits you from afar with a +1 spear of venom.
* * * LOW HITPOINT WARNING * * *
You are lethally poisoned!
You hit the gnoll. You headbutt the gnoll!
The gnoll is almost dead.
* * * LOW HITPOINT WARNING * * *
You feel very sick. You block the gnoll's attack. x2
You closely miss the gnoll. You headbutt the gnoll.
You kill the gnoll!
Qazlal accepts your kill.
* * * LOW HITPOINT WARNING * * *
You feel very sick. You block the gnoll's attack.
You die...

#.# #.........# #.
#.###.##.#....# #.
##...###.#.##.# ..
##..# #.#.##.# #.
#..# #.#.##.# # #.
#..###.#.##.#####.#.#
#....................
#.####.###### ###.##.
#...@g....... #.
######.#.###. #. ...
#. ##.# #.
############# #.
#....#⌠≈...(## #.
####≈..≈#^_≈^..# #.
##.≈###≈.#.##.≈.###
##
#..≈#.#..#.#..#..≈#


You could see a gnoll.

Vanquished Creatures
  A black bear (D:4)
  A phantom (D:5)
  3 ogres
  A kobold brigand (D:3)
  A gnoll sergeant (D:5)
  A hound (D:5)
  2 jellies
  A bullfrog skeleton (D:5)
  An orc priest (D:3)
  An iguana (D:3)
  Natasha (thrice) (D:2)
  An orc wizard (D:3)
  3 hound skeletons
  5 gnolls
  7 adders
  A dart slug (D:2)
  10 orcs
  4 ball pythons
  5 endoplasms
  5 giant cockroaches
  8 goblins
  5 hobgoblins
  7 kobolds
  3 quokkas
  6 bats
  A frilled lizard (D:2)
  4 rats
91 creatures vanquished.

Vanquished Creatures (others)
  An orc wizard (D:3)
  2 fungi (D:3)
  4 plants (D:3)
7 creatures vanquished.

Grand Total: 98 creatures vanquished

Notes
Turn   | Place    | Note
-------+----------+-------------------------------------------
     0 | D:1      | Violens the Minotaur Fighter began the quest for the Orb.
     0 | D:1      | Reached XP level 1. HP: 19/19 MP: 0/0
   203 | D:1      | Reached XP level 2. HP: 24/27 MP: 1/1
   645 | D:2      | Noticed Natasha
   650 | D:2      | Killed Natasha
   651 | D:2      | Reached skill level 3 in Axes
   651 | D:2      | Reached XP level 3. HP: 23/33 MP: 2/2
   933 | D:2      | Noticed Natasha
   949 | D:2      | Killed Natasha
   950 | D:2      | Reached skill level 1 in Dodging
   950 | D:2      | Reached XP level 4. HP: 32/40 MP: 3/3
   966 | D:2      | Noticed Natasha
   971 | D:2      | Killed Natasha
  1310 | D:3      | Reached XP level 5. HP: 33/47 MP: 4/4
  1324 | D:3      | Reached skill level 4 in Axes
  1488 | D:3      | Found a broken altar of Ashenzari.
  1522 | D:3      | Reached skill level 5 in Armour
  1522 | D:3      | Reached XP level 6. HP: 17/55 MP: 5/5
  1738 | D:3      | Found a sacrificial altar of Ru.
  1770 | D:3      | Reached skill level 5 in Shields
  1966 | D:3      | Found a faded altar of an unknown god.
  1985 | D:3      | Became a worshipper of Qazlal Stormbringer
  1985 | D:3      | Reached * piety under Qazlal
  2024 | D:3      | Found a glowing silver altar of Zin.
  2054 | D:3      | Reached skill level 1 in Short Blades
  2133 | D:3      | Found Keyhaheg's Antique Weapon Shop.
  2184 | D:3      | Got Thaumaturgy for Neophytes
  2299 | D:4      | Reached skill level 5 in Fighting
  2360 | D:4      | Found a burning altar of Makhleb.
  2550 | D:4      | Reached XP level 7. HP: 53/61 MP: 6/6
  2560 | D:4      | Reached skill level 5 in Axes
  2973 | D:5      | Entered Level 5 of the Dungeon
  3022 | D:5      | Found Buufel's Book Shop.
  3112 | D:5      | Reached skill level 6 in Axes
  3195 | D:5      | Found a staircase to the Ecumenical Temple.
  3295 | D:5      | Found a shimmering altar of Xom.
  3540 | D:5      | Reached skill level 7 in Axes
  3590 | D:5      | Reached XP level 8. HP: 66/69 MP: 7/7
  3608 | D:5      | HP: 2/69 [poisoned by a gnoll]
  3610 | D:5      | Succumbed to a gnoll's poison

Illustrated notes

Levels and vault maps discovered:
D:1:      minmay_arrival_stone_box, layout_basic
D:2:      layout_rooms, uniq_natasha
D:3:      layout_basic, mainiacjoe_overflow_concentric_impassable,
          ashenzari_conservatory_becter, old_standard_altar,
          shapermc_ecumenical_altar_ellora, serial_shops,
          nicolae_shop_statue_plus
D:4:      layout_basic, bloody_makhleb
D:5:      layout_loops_ring, tgw_xom, minmay_temple_entry_crystal_x,
          serial_shops, shop

Skill      XL: |  1  2  3  4  5  6  7  8 |
---------------+-------------------------+-----
Armour         | 4 5 6 |  6.2
Shields        | 4 5 6 |  6.1
Fighting       | 4 5 |  5.6
Axes           | 3 4 7 |  7.3
Dodging        | 1 2 |  2.0
Short Blades   | 1 |  1.3
Stealth        | |  0.4

Action                   |  1- 3 |  4- 6 |  7- 9 || total
-------------------------+-------+-------+-------++-------
Melee: War axe           |    85 |   102 |    80 ||   267
       Headbutt          |    10 |    23 |    23 ||    56
       Dagger            |       |     9 |       ||     9
Throw: Dart              |       |       |     1 ||     1
  Use: Scroll            |       |     2 |       ||     2
       Potion            |       |       |     1 ||     1
Armor: Scale mail        |    39 |    28 |    29 ||    96
Dodge: Dodged            |    29 |    30 |    28 ||    87
Block: Kite shield       |    46 |    63 |    59 ||   168
